 Dungeon Crawl Stone Soup version 0.27.1-3-gb3d3a73c9e (webtiles) character file.

Game seed: 11210770474295866499

347693 MajorAdolf the Stormcaller (level 22, -9/221 (230) HPs)
             Began as a Naga Wanderer on Oct 16, 2021.
             Was a High Priest of Ashenzari.
             Killed from afar by a shadow dragon (24 damage)
             ... with a bolt of negative energy
             ... on level 5 of the Vaults.
             The game lasted 01:52:49 (68610 turns).

MajorAdolf the Stormcaller (Naga Wanderer)         Turns: 68610, Time: 01:52:50

HP:   -9/221 (230)  AC: 41    Str: 22    XL:     22   Next: 15%
MP:   30/30         EV: 16    Int: 16    God:    Ashenzari [*****.]
Gold: 2234          SH: 26    Dex: 20    Spells: 21/32 levels left

rFire    + . .     SeeInvis +   h - staff of air (curse) {Evo, Self}
rCold    + . .     Faith    .   B - +0 tower shield
rNeg     . . .     Spirit   .   c - +5 chain mail of Desmomancy {Rampage Int+3 SInv, Fort, Self} (curse)
rPois    +         Reflect  +   R - +1 helmet "Cursed Together" {Dex+3, Fort, Elem} (curse)
rElec    +         Harm     .   f - scarf "Shattered With Me" {rC+ rF+, Elem, Melee} (curse)
rCorr    .         Rampage  +   b - +2 pair of gloves of the Eye in the Sky {Stlth+, Range, Elem} (curse)
Will     ++...     Clarity  +   q - +0 barding of the Visionary Sun {Self, Evo} (curse)
Stlth    ++........             T - amulet of reflection
HPRegen  0.46/turn              Z - ring of the Fated Discomfort {AC+4 Dex+4, Fort, Elem} (curse)
MPRegen  0.22/turn              E - ring of Ashenzari's Pleiades {EV+4, Fort, Bglg} (curse)

@: about to teleport, marked, very slightly contaminated, lightly drained,
invisible, very slow
A: AC +7, large, see invisible, deformed body, poison resistance, slowness 2,
spit poison 1, naga tail 2
}: 2/15 runes: barnacled, gossamer
a: Spit Poison, Renounce Religion, Shatter the Chains


You were on level 5 of the Vaults.
You worshipped Ashenzari.
Ashenzari was extremely pleased with you.
You visited 7 branches of the dungeon, and saw 37 of its levels.
You visited the Abyss 1 time.
You also visited: Gauntlet, Ice Cave and Wizlab.

You collected 4683 gold pieces.
You spent 2449 gold pieces at shops.

Inventory:

Armour
 b - the cursed +2 pair of gloves of the Eye in the Sky (worn) {Stlth+, Range, Elem}
   (You found it in a Gauntlet)

   It has a curse which improves the following skills: Ranged Combat: Slings,
   Bows, Crossbows and Throwing.
   Elements:  Fire Magic, Ice Magic, Air Magic and Earth Magic.
 c - the cursed +5 chain mail of Desmomancy (worn) {Rampage Int+3 SInv, Fort, Self}
   (You bought it in a shop on level 9 of the Dungeon)

   Int:       It affects your intelligence (+3).
   SInv:      It lets you see invisible.
   Rampage:   It bestows one free step when moving towards enemies.
   It has a curse which improves the following skills: Fortitude: Armour and
   Shields.
   Introspection: Fighting and Spellcasting.
 f - the cursed scarf "Shattered With Me" (worn) {rC+ rF+, Elem, Melee}
   (You found it on level 1 of the Dungeon)

   It has a curse which improves the following skills: Elements: Fire Magic, Ice
   Magic, Air Magic and Earth Magic.
   Melee Combat: Short Blades, Long Blades, Axes, Maces & Flails, Polearms,
   Staves and Unarmed Combat.
 n - the +3 robe of Clouds {+Thunder rCloud rElec}
   (You took it off a Cloud Mage in a wizard's laboratory)

   It can be evoked to surround the wearer with storm clouds, with success rate
   depending on Evocations skill.
   rElec:     It insulates you from electricity.
 q - the cursed +0 barding of the Visionary Sun (worn) {Self, Evo}
   (You found it on level 5 of the Dungeon)

   It has a curse which improves the following skills: Introspection: Fighting
   and Spellcasting.
   Evocations: Evocations.
 r - +0 gold dragon scales
 B - a +0 tower shield (worn)
 O - a +3 barding of flying
 R - the cursed +1 helmet "Cursed Together" (worn) {Dex+3, Fort, Elem}
   (You found it in a Gauntlet)

   Dex:       It affects your dexterity (+3).
   It has a curse which improves the following skills: Fortitude: Armour and
   Shields.
   Elements:  Fire Magic, Ice Magic, Air Magic and Earth Magic.
Magical Staves
 h - a cursed staff of air (weapon) {Evo, Self}
Jewellery
 y - a ring of resist corrosion
 E - the cursed ring of Ashenzari's Pleiades (right hand) {EV+4, Fort, Bglg}
   (You found it on level 10 of the Dungeon)

   [ring of evasion]

   EV:        It affects your evasion (+4).
   It has a curse which improves the following skills: Fortitude: Armour and
   Shields.
   Beguiling: Conjurations, Hexes and Translocations.
 F - the ring "Meuvo" {rCorr MP+9}
   (You found it on level 4 of the Vaults)

   [ring of resist corrosion]

   MP:        It affects your magic capacity (+9).
   rCorr:     It protects you from acid and corrosion.
 Q - a +4 ring of protection
 T - an amulet of reflection (around neck)
 X - a +4 ring of slaying
 Z - the cursed ring of the Fated Discomfort (left hand) {AC+4 Dex+4, Fort, Elem}
   (You acquired it on level 4 of the Spider Nest)

   [ring of protection]

   AC:        It affects your AC (+4).
   Dex:       It affects your dexterity (+4).
   It has a curse which improves the following skills: Fortitude: Armour and
   Shields.
   Elements:  Fire Magic, Ice Magic, Air Magic and Earth Magic.
Wands
 k - a wand of flame (72)
 o - a wand of acid (33)
 x - a wand of polymorph (20)
 G - a wand of iceblast (45)
 I - a wand of mindburst (1)
 J - a wand of paralysis (22)
 S - a wand of digging (13)
Scrolls
 g - 3 scrolls of silence
 j - 4 scrolls of vulnerability
 l - 6 scrolls of teleportation
 m - 6 scrolls of fear
 p - 4 scrolls of blinking
 s - 8 scrolls of magic mapping
 t - 5 scrolls of fog
 z - 2 scrolls of summoning
 A - 3 scrolls of holy word
 M - 3 scrolls of immolation
 N - 8 scrolls of amnesia
 P - 5 scrolls of enchant weapon
 V - a scroll of brand weapon
Potions
 a - 4 potions of flight
 d - 7 potions of cancellation
 e - 4 potions of mutation
 i - 20 potions of curing
 u - 2 potions of might
 C - 3 potions of brilliance
 D - 4 potions of lignification
 H - 5 potions of haste
 Y - 2 potions of resistance
Miscellaneous
 v - a piece from Xom's chessboard (15/15)
 K - a condenser vane
 L - a lightning rod (4/4)
 U - a phial of floods


   Skills:
 + Level 16.0(20.6) Fighting
 - Level 1.1(2.7) Axes
 - Level 8.0(10.6) Staves
 + Level 14.0(19.8) Armour
 + Level 13.4 Dodging
 + Level 9.2 Stealth
 - Level 10.7(16.6) Shields
 - Level 2.0(5.8) Spellcasting
 - Level 1.0 Necromancy
 + Level 16.1(21.6) Air Magic
 + Level 16.0(19.4) Evocations


You had 21 spell levels left.
You knew the following spells:

 Your Spells              Type           Power      Damage    Failure   Level
a - Sting                 Tmut/Pois      16%        1d3       45%         1
b - Mephitic Cloud        Conj/Pois/Air  42%        N/A       8%          3
c - Silence               Hex/Air        28%        N/A       16%         5
d - Passwall              Tmut/Erth      5%         N/A       54%         2

Your spell library contained the following spells:

 Spells                   Type           Power      Damage    Failure   Level
 Static Discharge         Conj/Air       56%        N/A       1%          2
 Swiftness                Air            84%        N/A       1%          3
 Lightning Bolt           Conj/Air       28%        1d44      16%         5
 Pain                     Necr           28%        1d5       34%         1
 Corona                   Hex            5%         N/A       41%         1
 Maxwell's Capacitive Co  Air            42%        ∞         43%         8
 Freezing Cloud           Conj/Ice/Air   21%        6-21      52%         5
 Stone Arrow              Conj/Erth      12%        3d7       75%         3
 Dazzling Flash           Conj/Hex       10%        N/A       80%         3
 Gell's Gravitas          Tloc           2%         N/A       80%         3
 Ignite Poison            Fire/Tmut/Pois 5%         N/A       80%         3
 Teleport Other           Tloc           5%         N/A       80%         3
 Animate Dead             Necr           3%         N/A       98%         4
 Animate Armour           Summ/Erth      12%        N/A       99%         4
 Fulminant Prism          Conj/Hex       2%         3d6       99%         4
 Passage of Golubria      Tloc           N/A        N/A       99%         4
 Petrify                  Tmut/Erth      6%         N/A       99%         4
 Summon Ice Beast         Ice/Summ       6%         N/A       99%         4
 Storm Form               Tmut/Air       28%        N/A       99%         7
 Agony                    Necr           7%         N/A       100%        5
 Bolt of Magma            Conj/Fire/Erth 3%         4d5       100%        5
 Borgnjor's Vile Clutch   Necr/Erth      3%         N/A       100%        5
 Excruciating Wounds      Necr           3%         N/A       100%        5
 Metabolic Englaciation   Hex/Ice        3%         N/A       100%        5
 Summon Mana Viper        Hex/Summ       5%         N/A       100%        5
 Death Channel            Necr           3%         N/A       100%        6
 Dispersal                Tloc           2%         N/A       100%        6
 Invisibility             Hex            2%         N/A       100%        6
 Simulacrum               Ice/Necr       3%         N/A       100%        6
 Statue Form              Tmut/Erth      4%         N/A       100%        6
 Monstrous Menagerie      Summ           2%         N/A       100%        7
 Disjunction              Tloc           2%         N/A       100%        8
 Lehudib's Crystal Spear  Conj/Erth      3%         10d2      100%        8
 Chain Lightning          Conj/Air       28%        3d37      100%        9
 Fire Storm               Conj/Fire      3%         8d1       100%        9
 Polar Vortex             Ice            3%         N/A       100%        9
 Shatter                  Erth           3%         3d7*      100%        9


Dungeon Overview and Level Annotations

Branches:
Dungeon (15/15)            Temple (1/1) D:5            Lair (6/6) D:9
 Shoals (4/4) Lair:2       Spider (4/4) Lair:4        Slime (0/5) Lair:5
    Orc (2/2) D:10            Elf (0/3) Orc:2        Vaults (5/5) D:13
  Crypt (0/3) Vaults:3     Depths (0/5) D:15          IceCv (visited)
 WizLab (visited)         Gauntlet (visited)

Altars:
Ashenzari
Cheibriados
Dithmenos
Elyvilon
Fedhas
Gozag
Hepliaklqana
Kikubaaqudgha
Makhleb
Nemelex Xobeh
Okawaru
Qazlal
Ru
Sif Muna
Trog
Uskayaw
Vehumet
Wu Jian
Xom
Yredelemnul
Zin
The Shining One
Jiyva

Shops:
D:1 [   D:6 :   D:9 [   Orc:2 *(*(   Shoals:2 =   Shoals:3 :   Vaults:3 =

Annotations:
D:6 2 runed translucent doors
Lair:4 1 runed translucent door, Tunlugh's ghost, adept GrEE


Innate Abilities, Weirdness & Mutations

Your serpentine skin is tough. (AC +7)
You have supernaturally acute eyesight. (SInv)
Armour fits poorly on your strangely shaped body.
Your system is resistant to poisons. (rPois)
You cover ground very slowly.
You can spit poison.
You can use your snake-like lower body to constrict enemies.


Message History

The tentacled monstrosity is heavily wounded.
You hear a shout!
The tentacled monstrosity tentacle-slaps you.
The tentacled monstrosity tentacle-slaps you but does no damage.
You block the tentacled monstrosity's attack.
The tentacled monstrosity constricts you.
The storm dragon bites you but does no damage.
The storm dragon claws you.
* * * LOW HITPOINT WARNING * * *
The storm dragon closely misses you.
You hit the tentacled monstrosity.
The tentacled monstrosity is electrocuted.
The tentacled monstrosity is heavily wounded.
You block the tentacled monstrosity's attack. x2
The tentacled monstrosity tentacle-slaps you!
* * * LOW HITPOINT WARNING * * *
The tentacled monstrosity constricts you!
* * * LOW HITPOINT WARNING * * *
As you read the scroll of teleportation, it crumbles to dust.
You feel strangely unstable. The storm dragon barely misses you.
You block the storm dragon's attack. The storm dragon misses you.
The tentacled monstrosity tentacle-slaps you!
* * * LOW HITPOINT WARNING * * *
The tentacled monstrosity tentacle-slaps you!
* * * LOW HITPOINT WARNING * * *
The tentacled monstrosity tentacle-slaps you but does no damage.
The tentacled monstrosity constricts you.
* * * LOW HITPOINT WARNING * * *
The tentacled monstrosity's grasp on you weakens, but your attempt to escape fails.
The tentacled monstrosity misses you.
The tentacled monstrosity tentacle-slaps you but does no damage.
You block the tentacled monstrosity's attack.
The tentacled monstrosity constricts you!
* * * LOW HITPOINT WARNING * * *
You escape the tentacled monstrosity's grasp.
The shadow dragon breathes negative energy at you.
The bolt of negative energy misses you.
The shadow dragon breathes negative energy at you.
The bolt of negative energy hits you!!
You feel drained.
You die...

,, ***
,,......?...### *
, *,
.............## *
, *, * ,
,.............[##
, + ,, ,
....(........$?# *
, ,
,,...$.........!#*
* , ,
.............# ,
*, * *
,,......DD...##* ,
, * *
........X.+#. , ,,
, +*.......@.#+..,
, * ,* *, ,
*##.....###... ,,
, * ,
,##?)[##....,, *
,, ,, , ##!##....
,,* * , , ##* ∆
,,, , , ,,* , ,
,,,, ,, , , ,* *
*** * ** * * ,, *
,,,,,,,,,,, ,, , ,
, ,,,,, , ,, , ,
,,


You could see a shadow dragon (catching breath), a tentacled monstrosity and a
storm dragon.

Vanquished Creatures
  An ancient lich (Vaults:4)
  A shard shrike (shapeshifter) (Vaults:4)
  Saint Roka (Orc:2)
  2 golden dragons (Vaults:4)
  Arachne (Spider:4)
  A Cloud Mage (WizLab)
  A tentacled monstrosity (Vaults:4)
  A kraken (Shoals:2)
  4 titans
  2 tengu reavers
  3 sphinxes
  Kirke (D:14)
  Donald (Vaults:3)
  5 ghost moths
  A fire giant (Vaults:3)
  13 vault wardens
  Louise (Shoals:1)
  4 emperor scorpions
  Aizul (Shoals:4)
  14 ironbound preservers
  4 war gargoyles
  2 stone giants
  3 spark wasps
  A minotaur (Gauntlet)
  2 dire elephants
  A deep elf annihilator (Vaults:5)
  5 entropy weavers
  An eidolon (Vaults:3)
  4 crystal guardians
  5 merfolk javelineers
  4 ettins
  A deep elf death mage (Vaults:4)
  A blizzard demon (WizLab)
  10 yaktaur captains
  Josephine (D:15)
  31 vault guards
  2 great orbs of eyes (Vaults:2)
  9 merfolk impalers
  Harold (D:10)
  3 boulder beetles
  10 hydras
  5 ironbound thunderhulks
  A fire dragon (Lair:6)
  A hell beast (Gauntlet)
  Erolcha (Orc:2)
  An ice dragon (Lair:6)
  5 peacekeepers
  2 merfolk avatars
  2 ogre magi (Vaults:4)
  2 catoblepae
  3 merfolk aquamancers
  7 ironbound frosthearts
  2 death knights
  4 spriggan air magi (WizLab)
  2 ghost crabs (WizLab)
  5 two-headed ogres (Vaults:4)
  5 centaur warriors
  A two-headed ogre (shapeshifter) (Vaults:1)
  2 alligator snapping turtles
  2 satyrs (Shoals:2)
  3 ironbound beastmasters
  2 tengu warriors
  4 orc high priests
  3 shock serpents (WizLab)
  Sonja (Lair:1)
  3 skeletal warriors
  12 sea snakes
  3 death drakes (WizLab)
  40 deep trolls
  A swamp dragon (Lair:6)
  4 necromancers
  6 wizards
  3 lindwurms
  17 orb spiders
  4 phantasmal warriors
  A deep elf pyromancer (D:15)
  5 orc sorcerers
  6 orc knights
  13 ironbound convokers
  14 harpies
  A frost giant zombie (Vaults:4)
  31 ugly things
  29 wolf spiders
  A faun (shapeshifter) (Vaults:5)
  A salamander (D:13)
  14 elephants
  2 moths of wrath (Spider:4)
  4 oklob plants (Lair:2)
  Maurice (Orc:2)
  24 fauns
  A wolf spider (shapeshifter) (Vaults:4)
  7 cyclopes
  10 manticores
  A water nymph (shapeshifter) (D:14)
  6 merfolk sirens
  4 centaur zombies
  4 black mambas
  An ice statue (Gauntlet)
  7 water nymphs
  10 cane toads
  A gargoyle (D:10)
  20 vault sentinels
  2 unseen horrors
  8 torpor snails
  An efreet (D:13)
  10 komodo dragons
  7 rime drakes
  3 tengu conjurers
  3 freezing wraiths
  33 yaktaurs
  2 kobold demonologists
  14 demonic crawlers
  33 jumping spiders
  3 polar bears
  26 merfolk
  3 meliai (D:15)
  4 tyrant leeches (Lair:6)
  A blink frog (shapeshifter) (D:15)
  3 trolls
  15 wind drakes
  5 snapping turtles
  13 blink frogs
  A wind drake (shapeshifter) (Vaults:1)
  An ettin zombie (Vaults:4)
  14 hornets
  10 dream sheep
  Grinder (D:4)
  24 slime creatures
  A human simulacrum (Vaults:4)
  A centaur simulacrum (D:14)
  A shadow (D:13)
  An ettin skeleton (Vaults:4)
  20 air elementals
  41 yaks
  24 tarantellas
  68 redbacks
  11 wraiths
  A vampire (Temple)
  2 wyverns
  23 water elementals
  6 basilisks
  3 hogs (D:14)
  3 steam dragons
  6 vampire mosquitoes
  2 harpy simulacra (IceCv)
  A swamp worm (D:10)
  3 wargs (Orc:2)
  4 acid dragons
  2 hell hounds (Gauntlet)
  15 water moccasins
  22 orc warriors
  A black bear (D:8)
  A sky beast (D:5)
  3 ice beasts
  2 necrophages
  8 wolves
  4 ogres
  23 centaurs
  Blork the orc (D:4)
  6 kobold brigands
  11 bullfrogs
  A scorpion (D:5)
  2 gnoll sergeants
  A lindwurm simulacrum (IceCv)
  9 wights (D:9)
  6 killer bees (D:10)
  9 electric eels
  A howler monkey (D:5)
  2 jellies
  12 orc priests
  A bullfrog skeleton (D:7)
  5 hounds
  A gnoll shaman (D:5)
  2 centaur skeletons
  4 iguanas (Lair:6)
  Natasha (twice) (D:2)
  21 orc wizards
  A killer bee zombie (D:7)
  A hound skeleton (D:5)
  A howler monkey zombie (D:9)
  Robin (D:3)
  12 gnolls
  9 adders
  A white imp (D:8)
  A dart slug (D:1)
  49 orcs
  6 bats
  6 endoplasms
  2 giant cockroaches (D:4)
  12 goblins
  4 hobgoblins
  2 jackals (D:1)
  2 quokkas (D:2)
  4 ball pythons
  2 frilled lizards
  12 kobolds
  11 rats
  15 butterflies (Vaults:4)
  4 tentacles (Shoals:2)
1336 creatures vanquished.

Vanquished Creatures (others)
  2 tarantellas (Spider:4)
  A redback (Spider:4)
  A human (D:14)
  An orc (Vaults:5)
  18 fungi
  82 plants
  4 tentacles (Shoals:2)
109 creatures vanquished.

Grand Total: 1445 creatures vanquished

Notes
Turn   | Place    | Note
-------+----------+-------------------------------------------
     0 | D:1      | MajorAdolf the Naga Wanderer began the quest for the Orb.
     0 | D:1      | MajorAdolf set off with the following items: a +0 club, a
                  | potion of lignification, a +2 scale mail, a +0 dagger; and
                  | the following spell memorised: Sting; and the following
                  | spells available to memorise: Mephitic Cloud
     0 | D:1      | Reached XP level 1. HP: 18/18 MP: 3/3
    16 | D:1      | Found a faded altar of an unknown god.
   221 | D:1      | Reached XP level 2. HP: 22/25 MP: 5/5
   866 | D:1      | Found Cekoseuh's Armour Shoppe.
  1281 | D:2      | Reached XP level 3. HP: 32/32 MP: 6/6
  1951 | D:2      | Reached skill level 1 in Staves
  2037 | D:2      | Noticed Natasha
  2067 | D:2      | Killed Natasha
  2068 | D:2      | Reached skill level 1 in Air Magic
  2068 | D:2      | Reached skill level 1 in Evocations
  2068 | D:2      | Reached XP level 4. HP: 14/39 MP: 7/7
  2359 | D:2      | Noticed Robin
  2457 | D:3      | Killed Robin
  2812 | D:2      | Reached XP level 5. HP: 10/46 MP: 8/8
  3085 | D:2      | Noticed Natasha
  3108 | D:2      | Killed Natasha
  4080 | D:3      | Noticed a water moccasin
  4881 | D:4      | Noticed Blork the orc
  4897 | D:4      | Killed Blork the orc
  4898 | D:4      | Reached XP level 6. HP: 10/56 MP: 9/9
  5216 | D:4      | Noticed Grinder
  5216 | D:4      | Paralysed by Grinder for 7 turns
  5740 | D:4      | Killed Grinder
  5741 | D:4      | Reached XP level 7. HP: 62/62 MP: 10/10
  6372 | D:5      | Entered Level 5 of the Dungeon
  6402 | D:5      | Found a staircase to the Ecumenical Temple.
  6408 | Temple   | Entered the Ecumenical Temple
  6528 | Temple   | Became a worshipper of Ashenzari the Shackled
  7485 | D:5      | Noticed a vampire
  7496 | Temple   | Killed a vampire
  8278 | D:5      | Reached XP level 8. HP: 44/72 MP: 11/11
  8706 | D:5      | Found a burning altar of Makhleb.
 10465 | D:6      | Reached skill level 1 in Dodging
 10615 | D:6      | Identified the +1 ring mail of Marbles {Int+5}
 10661 | D:6      | Identified Sif Muna's Guide on Shape Shifting
 10773 | D:6      | Found a shimmering blue altar of Sif Muna.
 11057 | D:6      | Found a bloodstained altar of Trog.
 11258 | D:6      | Found a runed translucent door.
 11260 | D:6      | Found a runed translucent door.
 11358 | D:6      | Reached XP level 9. HP: 80/80 MP: 12/12
 11396 | D:6      | Found Lyusips's Book Shop.
 11527 | D:1      | Bought a +0 buckler for 45 gold pieces
 11986 | D:6      | Reached * piety under Ashenzari
 12179 | D:7      | Reached skill level 5 in Fighting
 13066 | D:7      | Reached skill level 5 in Armour
 13066 | D:7      | Reached skill level 1 in Shields
 13345 | D:7      | Reached ** piety under Ashenzari
 13958 | D:8      | Noticed Erica
 13991 | D:8      | Noticed Erica
 13991 | D:8      | Erica changed into Erica the redback
 13994 | D:8      | Killed Erica the redback
 13995 | D:8      | Reached skill level 5 in Staves
 14116 | D:8      | Reached skill level 5 in Air Magic
 14116 | D:8      | Reached skill level 5 in Evocations
 14152 | D:8      | Found a shadowy altar of Dithmenos.
 14695 | D:9      | Reached *** piety under Ashenzari
 14791 | D:9      | Reached XP level 10. HP: 61/97 MP: 16/16
 15158 | D:9      | Found Gacw's Antique Armour Boutique.
 15161 | D:9      | Bought a tower shield for 117 gold pieces
 15433 | D:9      | Found a staircase to the Lair.
 15909 | D:10     | Entered Level 10 of the Dungeon
 16411 | D:10     | Found a staircase to the Orcish Mines.
 16412 | D:10     | Noticed a two-headed ogre
 16413 | D:10     | a two-headed ogre changed into a swamp worm
 16426 | D:10     | Reached **** piety under Ashenzari
 16503 | D:10     | Noticed Harold
 16518 | D:10     | Killed Harold
 17136 | D:10     | Noticed a kobold demonologist
 17149 | D:10     | Killed a kobold demonologist
 17150 | D:10     | Reached XP level 11. HP: 110/110 MP: 17/17
 17270 | D:10     | Found a glowing golden altar of the Shining One.
 17529 | D:10     | Found an opulent altar of Gozag.
 17743 | D:10     | Found an ancient bone altar of Kikubaaqudgha.
 17746 | D:10     | Found a blossoming altar of Fedhas.
 17748 | D:10     | Found an ornate altar of the Wu Jian Council.
 17748 | D:10     | Found a basalt altar of Yredelemnul.
 17748 | D:10     | Found an iron altar of Okawaru.
 17825 | D:11     | Noticed a centaur warrior
 17826 | D:11     | Noticed a death knight
 17936 | D:11     | Killed a centaur warrior
 18976 | Lair:1   | Entered Level 1 of the Lair of Beasts
 19379 | Lair:1   | Noticed Sonja
 19385 | Lair:1   | Killed Sonja
 19410 | Lair:1   | Identified the cursed scarf "Shattered With Me" {rC+ rF+,
                  | Elem, Melee} (You found it on level 1 of the Dungeon)
 19410 | Lair:1   | Identified the cursed +0 helmet of the Eye in the Sky
                  | {Melee, Comp} (You took it off Robin on level 3 of the
                  | Dungeon)
 19410 | Lair:1   | Identified the cursed +0 barding of the Visionary Sun
                  | {Self, Evo} (You found it on level 5 of the Dungeon)
 19845 | Lair:1   | Reached skill level 5 in Dodging
 20124 | Lair:1   | Reached ***** piety under Ashenzari
 20754 | D:9      | Bought a slimy cloak for 247 gold pieces
 20754 | D:9      | Identified the +0 cloak of Claustrophobia {rF+ rCorr Str+2}
                  | (You bought it in a shop on level 9 of the Dungeon)
 20784 | D:11     | Noticed a salamander
 20784 | D:11     | a death knight changed into a salamander
 21001 | D:11     | Reached XP level 12. HP: 79/121 MP: 19/19
 21216 | D:11     | Noticed a two-headed ogre
 21223 | D:11     | a two-headed ogre changed into a lindwurm
 21600 | D:11     | Noticed Urug
 21603 | D:11     | Noticed Urug
 21603 | D:11     | Urug changed into Urug the cyclops
 21610 | D:11     | Killed Urug the cyclops
 21994 | D:12     | Reached skill level 5 in Shields
 22179 | Lair:2   | Identified Soenat's Papyrus of Stones
 22367 | Lair:2   | Noticed a four-headed hydra
 22380 | Lair:2   | Killed a four-headed hydra
 22505 | Lair:2   | Found a staircase to the Shoals.
 23265 | Lair:3   | Identified the +7 war axe "Renleet" {speed, Contam +Rage
                  | rF+ rCorr}
 23566 | Lair:3   | Noticed an eight-headed hydra
 23573 | Lair:3   | Killed an eight-headed hydra
 24019 | Lair:3   | Noticed a five-headed hydra
 24027 | Lair:3   | Killed a five-headed hydra
 24098 | Lair:3   | Noticed a four-headed hydra
 24109 | Lair:3   | Killed a four-headed hydra
 24275 | Lair:4   | Noticed a six-headed hydra
 24280 | Lair:4   | Killed a six-headed hydra
 24281 | Lair:4   | Gained mutation: You can use your snake-like lower body to
                  | constrict enemies. [Naga growth]
 24281 | Lair:4   | Reached XP level 13. HP: 130/130 MP: 20/20
 24532 | Lair:4   | Found a shimmering altar of Xom.
 24532 | Lair:4   | Found a runed translucent door.
 24532 | Lair:4   | Noticed Tunlugh's ghost (adept GrEE)
 24612 | Lair:4   | Found a hole to the Spider Nest.
 26079 | Lair:5   | Found a viscous altar of Jiyva.
 26083 | Lair:5   | Found a staircase to the Slime Pits.
 26630 | Lair:6   | Entered Level 6 of the Lair of Beasts
 27276 | Lair:6   | Reached XP level 14. HP: 88/141 MP: 21/21
 27483 | Lair:6   | Identified the +1 leather armour of Ennui {Str+4 Int+3}
 27987 | Lair:6   | Reached skill level 10 in Fighting
 29075 | Lair:6   | Found a runed translucent door.
 29305 | Lair:6   | Reached skill level 10 in Evocations
 29610 | Lair:6   | Paralysed by a hornet for 3 turns
 29616 | Lair:6   | Reached skill level 10 in Air Magic
 30112 | Orc:1    | Entered Level 1 of the Orcish Mines
 30354 | Orc:2    | Entered Level 2 of the Orcish Mines
 30496 | Orc:2    | Found a staircase to the Elven Halls.
 30601 | Orc:2    | Noticed Saint Roka
 30605 | Orc:2    | Noticed Erolcha
 30741 | Orc:2    | Killed Saint Roka
 31197 | Orc:2    | Noticed Maurice
 31231 | Orc:2    | Killed Maurice
 31266 | Orc:2    | Found Fagigo's Weapon Emporium.
 31527 | Orc:2    | Killed Erolcha
 31982 | Orc:2    | Noticed a ghost moth
 31982 | Orc:2    | an ettin changed into a ghost moth
 31993 | Orc:2    | Killed a ghost moth
 32255 | Orc:2    | Reached XP level 15. HP: 132/152 MP: 22/22
 33246 | Orc:2    | Found Imiesi's Antique Weapon Boutique.
 33246 | Orc:2    | Found Xethre's Assorted Antiques.
 33247 | Orc:2    | Found Isoxox's General Store.
 33264 | Orc:2    | Bought a potion of resistance for 130 gold pieces
 33264 | Orc:2    | Bought a potion of curing for 39 gold pieces
 33266 | Orc:2    | Bought 3 scrolls of teleportation for 279 gold pieces
 33266 | Orc:2    | Bought a scroll of enchant weapon for 232 gold pieces
 33266 | Orc:2    | Bought a scroll of teleportation for 93 gold pieces
 33266 | Orc:2    | Bought a glowing helmet for 232 gold pieces
 33266 | Orc:2    | Bought a wand of digging (4) for 248 gold pieces
 33461 | D:9      | Bought a distressingly furry chain mail for 247 gold pieces
 33461 | D:9      | Identified the +5 chain mail of Indecent Exposure {Rampage
                  | Int+3 SInv} (You bought it in a shop on level 9 of the
                  | Dungeon)
 34293 | D:13     | Found a gate to the Vaults.
 35362 | D:14     | Noticed Kirke
 35400 | D:13     | Identified the cursed ring of the Lashed Yoke {rN+, Range,
                  | Bglg} (You found it on level 3 of the Dungeon)
 35400 | D:13     | Identified the cursed ring of Ashenzari's Pleiades {EV+4,
                  | Fort, Bglg} (You found it on level 10 of the Dungeon)
 35416 | D:14     | Killed Kirke
 35958 | D:14     | Found a radiant altar of Vehumet.
 36620 | D:15     | Entered Level 15 of the Dungeon
 36682 | D:15     | Reached skill level 10 in Armour
 36934 | D:15     | Found a gate leading to a gauntlet.
 36943 | Gauntlet | Entered a Gauntlet
 36943 | Gauntlet | Found a transporter.
 36943 | Gauntlet | Found a transporter.
 36943 | Gauntlet | Found a transporter.
 37080 | Gauntlet | Found a transporter.
 37086 | Gauntlet | Found a transporter.
 37092 | Gauntlet | Found a transporter.
 37094 | Gauntlet | Found a transporter.
 37102 | Gauntlet | Found a transporter.
 37102 | Gauntlet | Identified the ring of Dianlogg {*Corrode rElec rC+ Str+6}
 37116 | Gauntlet | Found a large runed translucent door.
 37117 | Gauntlet | Found a large runed translucent door.
 37118 | Gauntlet | Found a large runed translucent door.
 37118 | Gauntlet | Found a large runed translucent door.
 37119 | Gauntlet | Found a runed translucent gate.
 37120 | Gauntlet | Found a transporter.
 37120 | Gauntlet | Found a runed translucent gate.
 37121 | Gauntlet | Found a large runed translucent door.
 37121 | Gauntlet | Found a large runed translucent door.
 37121 | Gauntlet | Found a runed translucent door.
 37122 | Gauntlet | Found a large runed translucent door.
 37123 | Gauntlet | Found a large runed translucent door.
 37125 | Gauntlet | Found a transporter.
 37128 | Gauntlet | Found a transporter.
 37128 | Gauntlet | Identified the +1 helmet of the Shining Light {Dex+3}
 37139 | Gauntlet | Found a transporter.
 37189 | Gauntlet | Found a large runed translucent door.
 37190 | Gauntlet | Found a large runed translucent door.
 37191 | Gauntlet | Found a large runed translucent door.
 37191 | Gauntlet | Found a large runed translucent door.
 37191 | Gauntlet | Found a runed translucent door.
 37192 | Gauntlet | Found a large runed translucent door.
 37193 | Gauntlet | Found a large runed translucent door.
 37194 | Gauntlet | Found a large runed translucent door.
 37194 | Gauntlet | Found a large runed translucent door.
 37195 | Gauntlet | Found a runed translucent gate.
 37197 | Gauntlet | Identified the +0 hat of Bedevilment {rElec}
 37628 | Gauntlet | Identified the +0 scale mail "Efa Wack" {rN++ Slay-2}
 37806 | D:15     | Noticed Josephine
 37814 | D:15     | Killed Josephine
 38015 | D:15     | Reached XP level 16. HP: 164/164 MP: 23/23
 38335 | D:15     | Found a staircase to the Depths.
 38437 | D:15     | Identified the +5 hand axe "Pioheexi" {drain, Str+4 Int-3}
 38473 | D:15     | Identified 3 scrolls of acquirement
 39484 | Spider:1 | Entered Level 1 of the Spider Nest
 43188 | Spider:3 | Learned a level 3 spell: Mephitic Cloud
 43194 | Spider:3 | Learned a level 5 spell: Silence
 43582 | Spider:3 | Reached XP level 17. HP: 152/176 MP: 25/25
 43598 | Spider:3 | Acquired 1081 gold pieces
 43600 | Spider:3 | Acquired a +2 barding of flying
 43961 | Spider:3 | Reached skill level 10 in Dodging
 44095 | Spider:3 | Identified the Reference Book on Entrancing Confrontation
 44127 | Spider:3 | Learned a level 2 spell: Passwall
 44290 | Spider:4 | Entered Level 4 of the Spider Nest
 44609 | Spider:4 | Reached skill level 10 in Shields
 44611 | Spider:4 | Acquired the ring "Tonkeisi" {AC+4 Dex+4}
 45929 | Spider:4 | Noticed Arachne
 45942 | Spider:4 | Killed Arachne
 46997 | Spider:4 | Got a gossamer rune of Zot
 47507 | Shoals:1 | Entered Level 1 of the Shoals
 48590 | Shoals:1 | Noticed Louise
 48597 | Shoals:1 | Killed Louise
 48671 | Shoals:1 | Reached XP level 18. HP: 168/185 MP: 26/26
 49250 | Shoals:2 | Found Ypuifim's Jewellery Boutique.
 49256 | Shoals:2 | Found a frozen archway.
 49285 | IceCv    | Entered an ice cave
 49298 | IceCv    | Found a transporter.
 49298 | IceCv    | Found a transporter.
 50042 | Shoals:2 | Bought an amulet of reflection for 540 gold pieces
 51866 | Shoals:3 | Found Xuamp's Book Emporium.
 52224 | Shoals:4 | Entered Level 4 of the Shoals
 52418 | Shoals:4 | Paralysed by an air elemental for 1 turns
 52422 | Shoals:4 | Paralysed by an air elemental for 1 turns
 52436 | Shoals:4 | Paralysed by an air elemental for 1 turns
 52440 | Shoals:4 | Paralysed by an air elemental for 1 turns
 52444 | Shoals:4 | Paralysed by an air elemental for 1 turns
 52452 | Shoals:4 | Paralysed by an air elemental for 1 turns
 52534 | Shoals:4 | Paralysed by an air elemental for 1 turns
 52542 | Shoals:4 | Paralysed by an air elemental for 1 turns
 52544 | Shoals:4 | Paralysed by an air elemental for 1 turns
 52546 | Shoals:4 | Identified the +6 battleaxe "Xergh" {freeze, Will+ Str+5}
 52548 | Shoals:4 | Noticed a titan
 52556 | Shoals:4 | Paralysed by an air elemental for 1 turns
 52564 | Shoals:4 | Paralysed by an air elemental for 1 turns
 52566 | Shoals:4 | HP: 5/188 [sea snake (9)]
 52569 | Shoals:3 | Paralysed by an air elemental for 1 turns
 52876 | Shoals:3 | Paralysed by an air elemental for 1 turns
 52883 | Shoals:3 | Paralysed by an air elemental for 1 turns
 52891 | Shoals:3 | Paralysed by an air elemental for 1 turns
 52897 | Shoals:3 | Paralysed by an air elemental for 1 turns
 53239 | Shoals:4 | Noticed Aizul
 53296 | Shoals:4 | Paralysed by an air elemental for 1 turns
 53301 | Shoals:4 | Paralysed by an air elemental for 1 turns
 53309 | Shoals:4 | Paralysed by an air elemental for 1 turns
 53315 | Shoals:4 | Paralysed by an air elemental for 1 turns
 53322 | Shoals:4 | Paralysed by an air elemental for 1 turns
 53458 | Shoals:4 | Killed Aizul
 53876 | Shoals:4 | Paralysed by an air elemental for 1 turns
 53883 | Shoals:4 | Paralysed by an air elemental for 1 turns
 53889 | Shoals:4 | Paralysed by an air elemental for 1 turns
 53893 | Shoals:4 | Paralysed by an air elemental for 1 turns
 53898 | Shoals:4 | Paralysed by an air elemental for 1 turns
 53904 | Shoals:4 | Paralysed by an air elemental for 1 turns
 54077 | Shoals:4 | Paralysed by an air elemental for 1 turns
 54084 | Shoals:4 | Paralysed by an air elemental for 1 turns
 54090 | Shoals:4 | Paralysed by an air elemental for 1 turns
 54150 | Shoals:4 | Paralysed by an air elemental for 1 turns
 54161 | Shoals:4 | Paralysed by an air elemental for 1 turns
 54464 | Shoals:4 | Paralysed by an air elemental for 1 turns
 54471 | Shoals:4 | Paralysed by an air elemental for 1 turns
 54478 | Shoals:4 | Paralysed by an air elemental for 1 turns
 54490 | Shoals:4 | Paralysed by an air elemental for 1 turns
 54708 | Shoals:4 | Reached XP level 19. HP: 178/195 MP: 26/26
 55015 | Shoals:4 | Identified the +8 halberd of the Purple Skies {freeze,
                  | rN+++ rCorr MP-9 Dex+9}
 55016 | Shoals:4 | Identified the +4 plate armour "Poenot" {Rampage rN++ Will-
                  | rCorr}
 55751 | Shoals:4 | Got a barnacled rune of Zot
 56497 | Vaults:1 | Entered Level 1 of the Vaults
 56872 | Vaults:1 | Paralysed by a floating eye for 2 turns
 58273 | Vaults:2 | Found a magical portal.
 58284 | WizLab   | Entered The Chambers of the Cloud Mage
 58346 | WizLab   | Paralysed by an air elemental for 1 turns
 58351 | WizLab   | Paralysed by an air elemental for 1 turns
 58357 | WizLab   | Paralysed by an air elemental for 1 turns
 58365 | WizLab   | Paralysed by an air elemental for 1 turns
 58373 | WizLab   | Paralysed by an air elemental for 1 turns
 58387 | WizLab   | Paralysed by an air elemental for 1 turns
 58392 | WizLab   | Paralysed by an air elemental for 1 turns
 58396 | WizLab   | Paralysed by an air elemental for 1 turns
 58405 | WizLab   | Paralysed by an air elemental for 1 turns
 58409 | WizLab   | Paralysed by an air elemental for 1 turns
 58414 | WizLab   | Paralysed by an air elemental for 1 turns
 58421 | WizLab   | Paralysed by an air elemental for 1 turns
 58428 | WizLab   | Paralysed by an air elemental for 1 turns
 58437 | WizLab   | Paralysed by an air elemental for 1 turns
 58451 | WizLab   | Paralysed by an air elemental for 1 turns
 58774 | WizLab   | Paralysed by an air elemental for 1 turns
 58777 | WizLab   | Paralysed by an air elemental for 1 turns
 58788 | WizLab   | Paralysed by an air elemental for 1 turns
 59013 | WizLab   | Paralysed by an air elemental for 1 turns
 59016 | WizLab   | Paralysed by an air elemental for 1 turns
 59020 | WizLab   | Paralysed by an air elemental for 1 turns
 59032 | WizLab   | Paralysed by an air elemental for 1 turns
 59045 | WizLab   | Paralysed by an air elemental for 1 turns
 59057 | WizLab   | Paralysed by an air elemental for 1 turns
 59195 | WizLab   | Paralysed by an air elemental for 1 turns
 59208 | WizLab   | Paralysed by an air elemental for 1 turns
 59253 | WizLab   | Paralysed by an air elemental for 1 turns
 59257 | WizLab   | Paralysed by an air elemental for 1 turns
 59449 | WizLab   | Paralysed by an air elemental for 1 turns
 59461 | WizLab   | Paralysed by an air elemental for 1 turns
 59474 | WizLab   | Paralysed by an air elemental for 1 turns
 59482 | WizLab   | Paralysed by an air elemental for 1 turns
 59617 | WizLab   | Noticed Juys Dea
 59764 | WizLab   | Killed Juys Dea the Cloud Mage
 59806 | WizLab   | Identified the Papyrus of Lightness
 60837 | Vaults:2 | Reached XP level 20. HP: 193/206 MP: 27/27
 61977 | Vaults:3 | Identified the +7 scimitar of Gallantry {elec, rN+ Dex+5}
 62133 | Vaults:3 | Cast into level 2 of the Abyss (a wizard)
 62140 | Vaults:3 | Escaped the Abyss
 62231 | Vaults:3 | Reached skill level 15 in Fighting
 62258 | Vaults:3 | Reached skill level 15 in Air Magic
 62258 | Vaults:3 | Reached skill level 15 in Evocations
 62474 | Vaults:3 | Noticed Donald
 62484 | Vaults:3 | Killed Donald
 62557 | Vaults:3 | Found a staircase to the Crypt.
 63067 | Vaults:3 | Found Foenulec's Jewellery Boutique.
 63761 | Vaults:4 | Found a huge runed gate.
 63761 | Vaults:4 | Found a huge runed gate.
 63761 | Vaults:4 | Found a huge runed gate.
 63761 | Vaults:4 | Found a huge runed gate.
 63761 | Vaults:4 | Found a huge runed gate.
 63761 | Vaults:4 | Found a huge runed gate.
 63761 | Vaults:4 | Found a huge runed gate.
 63762 | Vaults:4 | Found a huge runed gate.
 63762 | Vaults:4 | Found a huge runed gate.
 63762 | Vaults:4 | Found a huge runed gate.
 63795 | Vaults:4 | Found a huge runed gate.
 63797 | Vaults:4 | Found a huge runed gate.
 63797 | Vaults:4 | Found a huge runed gate.
 63797 | Vaults:4 | Found a huge runed gate.
 63797 | Vaults:4 | Found a huge runed gate.
 63797 | Vaults:4 | Found a huge runed gate.
 63797 | Vaults:4 | Found a huge runed gate.
 63798 | Vaults:4 | Found a huge runed gate.
 63799 | Vaults:4 | Found a huge runed gate.
 63838 | Vaults:4 | Noticed a golden dragon
 63854 | Vaults:4 | Killed a golden dragon
 64307 | Vaults:4 | Reached XP level 21. HP: 163/216 MP: 28/28
 64782 | Vaults:4 | Noticed a juggernaut
 64782 | Vaults:4 | a juggernaut changed into a titan
 64784 | Vaults:4 | Noticed a juggernaut
 64784 | Vaults:4 | a titan changed into a juggernaut
 64786 | Vaults:4 | a juggernaut changed into a titan
 64789 | Vaults:4 | Noticed a shard shrike
 64789 | Vaults:4 | a titan changed into a shard shrike
 64794 | Vaults:4 | Killed a shard shrike
 65226 | Vaults:4 | Reached skill level 5 in Stealth
 65781 | Vaults:4 | Found a huge runed gate.
 65781 | Vaults:4 | Found a huge runed gate.
 65782 | Vaults:4 | Found a huge runed gate.
 65783 | Vaults:4 | Found a huge runed gate.
 65784 | Vaults:4 | Found a huge runed gate.
 65785 | Vaults:4 | Found a huge runed gate.
 65786 | Vaults:4 | Found a huge runed gate.
 65787 | Vaults:4 | Found a huge runed gate.
 65788 | Vaults:4 | Found a huge runed gate.
 65792 | Vaults:4 | Found a huge runed gate.
 65792 | Vaults:4 | Found a huge runed gate.
 65822 | Vaults:4 | Found a huge runed gate.
 65822 | Vaults:4 | Found a huge runed gate.
 65828 | Vaults:4 | Found a huge runed gate.
 65829 | Vaults:4 | Found a huge runed gate.
 65830 | Vaults:4 | Found a huge runed gate.
 65831 | Vaults:4 | Found a huge runed gate.
 65895 | Vaults:4 | Identified the ring "Meuvo" {rCorr MP+9}
 65969 | Vaults:5 | Entered Level 5 of the Vaults
 67912 | Vaults:5 | Noticed a golden dragon
 67953 | Vaults:5 | Noticed an ancient lich
 68289 | Vaults:4 | Killed an ancient lich
 68290 | Vaults:4 | Reached XP level 22. HP: 230/230 MP: 27/30
 68389 | Vaults:4 | Killed a golden dragon
 68576 | Vaults:5 | Noticed a dread lich
 68610 | Vaults:5 | Killed from afar by a shadow dragon

Illustrated notes

Levels and vault maps discovered:
D:1:      dpeg_arrival_windows_large_door, layout_basic, serial_shops,
          nicolae_shop_stone, dreamdust_ecumenical_altar_statues,
          chequers_serial_rivers_micro_a
D:2:      layout_loops_ring, grunt_decor_fettered, uniq_natasha, uniq_robin
D:3:      layout_basic
D:4:      layout_layer_cave, uniq_blork_the_orc, uniq_grinder
D:5:      layout_rooms, mainiacjoe_overflow_concentric_impassable, temple_green
D:6:      lemuel_insect_pit, layout_rooms,
          nzn_overflow_gifts_of_might_and_magic, serial_shops,
          nicolae_shop_stone
D:7:      layout_basic
D:8:      layout_gridville, lemuel_round_altar, uniq_erica
D:9:      layout_basic, lair_entry_dummy, serial_shops, nicolae_shop_trees
D:10:     layout_roguey, minitemple, mainiacjoe_overflow_large_starburst,
          david_orc_3, minmay_misc_feat_alley, chequers_serial_rivers_micro_e,
          uniq_harold
D:11:     layout_basic, uniq_urug
D:12:     layout_gridville
D:13:     layout_grid_maze, david_vaults_2
D:14:     layout_basic, lemuel_coloured_pillars_altar, uniq_kirke
D:15:     hangedman_depths_entry_civil_slaughter, layout_gridville,
          gauntlet_entry_generic, uniq_josephine
Temple:   pf_slimified_temple
Lair:1:   layout_regular_city, serial_bayou_shore_a, lemuel_fruit_fields,
          uniq_sonja
Lair:2:   layout_regular_city, minmay_shoals_entry_centaurs,
          beast_lair_carwin_9, minmay_lair_oklob_chamber
Lair:3:   layout_chaotic_city
Lair:4:   layout_cave_pods, spider_nest_entry_webs, ebering_ghost_xom,
          lemuel_fruit_tree
Lair:5:   layout_regular_city, dpeg_slime_entry_enclosed_altar
Lair:6:   guppyfry_lair_end_dragon, layout_cave_pods, wormcave,
          grunt_megastairs_2, infiniplex_staircase_pool
Shoals:1: layout_shoals, uniq_louise
Shoals:2: layout_shoals, portal_ice_cave_entry_pillars_four, serial_shops, shop
Shoals:3: layout_shoals, serial_shops, shop
Shoals:4: shoals_end_hellmonk_storm_palace [storm_palace_center_square,
          storm_palace_corner_narrow, storm_palace_corner_narrow,
          storm_palace_corner_narrow, storm_palace_corner_grid], uniq_aizul
Spider:1: layout_spider_delve
Spider:2: layout_spider_delve
Spider:3: layout_spider_delve, hangedman_spider_tarantella_strand
Spider:4: spider_rune_water, uniq_arachne
Orc:1:    layout_diamond_mine
Orc:2:    st_orc_elflike, layout_caves, uniq_erolcha, uniq_saint_roka,
          uniq_maurice
Vaults:1: vaults_room_pools, hangedman_vaults_stream,
          nicolae_vaults_little_squares_3, v_misc_22, grunt_vaults_hallway_long,
          ontoclasm_vaults_loading_screen,
          vaults_standard_mumra_enter_the_diamond, ontoclasm_vaults_fault,
          v_misc_31, layout_vaults_omnigrid
Vaults:2: hangedman_vaults_pinch, nicolae_vaults_mini_display_case,
          ontoclasm_vaults_loading_screen, vaults_standard_mumra_lines,
          hangedman_vaults_slither, v_misc_17, nicolae_vaults_circle_grid_b,
          nicolae_vaults_theta, vaults_dpeg_cross, v_misc_10,
          layout_vaults_ring, mu_enter_wizlab_1
Vaults:3: nicolae_vaults_sealed_display, vaults_room_grid, v_misc_10,
          nicolae_vaults_hallways_thing, minmay_crypt_entry_simple_sparse,
          v_misc_17, v_misc_11, vaults_room_stairs_pillars,
          ontoclasm_vaults_loading_screen, vaults_room_pool,
          nicolae_vaults_what_the_h, hangedman_vaults_cutoff,
          layout_vaults_chaotic_city, serial_shops, nicolae_lakefront_shop,
          uniq_donald
Vaults:4: hangedman_vaults_cutoff, v_misc_30, grunt_vaults_hallway_long,
          v_misc_9, ontoclasm_vaults_ligature, v_misc_9,
          vaults_standard_mumra_enter_the_diamond, st_cells, v_misc_32,
          vaults_not_door_vault_mu, hangedman_vaults_impose,
          nicolae_vaults_specimen_jars, nicolae_vaults_circle_grid_b,
          layout_vaults_maze_snakey
Vaults:5

Skill      XL: |  1  2  3  4  5  6  7  8  9 10 11 12 13 14 15 16 17 18 19 20 21 22 |
---------------+-------------------------------------------------------------------+-----
Fighting       | 2 3 4 5 6 7 8 9 10 11 12 13 14 15 16 | 16.0
Staves         | 1 2 3 4 5 6 7 8 |  8.0
Armour         | 3 4 5 6 7 8 9 10 11 12 13 14 | 14.0
Air Magic      | 1 2 3 4 5 6 7 8 9 10 11 12 13 14 15 16 | 16.1
Evocations     | 1 2 3 4 5 6 7 8 9 10 11 12 13 14 15 16 | 16.0
Dodging        | 1 3 4 5 6 7 8 9 10 11 12 13 | 13.4
Shields        | 2 3 4 5 7 8 9 10 | 10.7
Stealth        | 8 9 |  9.2
Axes           | |  1.1
Spellcasting   | |  2.0
Necromancy     | |  1.0

Action                   |  1- 3 |  4- 6 |  7- 9 | 10-12 | 13-15 | 16-18 | 19-21 | 22-24 || total
-------------------------+-------+-------+-------+-------+-------+-------+-------+-------++-------
Melee: Club              |    21 |       |       |       |       |       |       |       ||    21
       Hand axe          |    14 |       |       |       |       |       |       |       ||    14
       Staff             |    52 |   136 |   467 |   693 |  1105 |  1830 |  1772 |    74 ||  6129
       Constrict         |       |       |       |       |   198 |   302 |   233 |     9 ||   742
       Unarmed           |       |       |       |       |     9 |       |       |       ||     9
 Cast: Sting             |     1 |       |       |       |       |       |       |       ||     1
       Silence           |       |       |       |       |       |       |    13 |     3 ||    16
Invok: Curse Item        |       |       |     5 |     3 |     1 |     3 |     1 |       ||    13
       Shatter the Chain |       |       |       |       |     2 |     3 |       |       ||     5
 Abil: Spit Poison       |    24 |    43 |    57 |    17 |     7 |     1 |       |       ||   149
Evoke: Wand              |       |     6 |     9 |    15 |     7 |    10 |    42 |     5 ||    94
       Lightning rod     |       |       |       |     2 |     5 |     4 |     3 |       ||    14
       Condenser vane    |       |       |       |       |     1 |     2 |     1 |       ||     4
       Piece from Xom's  |       |       |       |       |       |       |     5 |       ||     5
  Use: Potion            |     1 |       |     1 |     4 |     5 |     6 |     1 |     2 ||    20
       Scroll            |       |     3 |       |     3 |     5 |     8 |     2 |     2 ||    23
 Stab: Invisible         |       |       |       |       |     5 |       |       |       ||     5
       Distracted        |       |       |       |       |       |       |     1 |       ||     1
Armor: Scale mail        |    48 |    95 |   389 |   313 |   338 |       |       |       ||  1183
       Skin              |    17 |       |       |    46 |       |       |       |       ||    63
       Chain mail        |       |       |       |       |   179 |  1284 |   701 |    43 ||  2207
Dodge: Dodged            |    38 |    60 |   146 |   233 |   395 |  1022 |   483 |    58 ||  2435
Block: Buckler           |       |       |    37 |   130 |   273 |   808 |       |       ||  1248
       Tower shield      |       |       |       |       |       |   202 |  1712 |   119 ||  2033
       Reflection        |       |       |       |       |       |    23 |    80 |    13 ||   116
